 Dungeon Crawl Stone Soup version 0.31.0-9-g3a7656b989 (webtiles) character file.

Game seed: 2145134937429733048

21 qw the Shooter (level 2, -1/16 HPs)
             Began as a Deep Elf Hunter on Feb 2, 2024.
             Slain by an adder (4 damage)
             ... on level 2 of the Dungeon.
             The game lasted 00:00:01 (532 turns).

qw the Shooter (Deep Elf Hunter)                     Turns: 532, Time: 00:00:02

Health: -1/16      AC:  3    Str:  8    XL:     2   Next: 65%
Magic:  4/4        EV: 12    Int: 13    God:
Gold:   73         SH:  0    Dex: 18    Spells: 1/1 levels left

rFire   . . .        a - +0 shortbow
rCold   . . .        (shield currently unavailable)
rNeg    . . .        c - +0 leather armour
rPois   .            (no helmet)
rElec   .            (no cloak)
rCorr   .            (no gloves)
SInv    .            (no boots)
Will    .....        (no amulet)
Stlth   ++           (no ring)
HPRegen 0.22/turn    (no ring)
MPRegen 0.09/turn

%: no passive effects
@: lethally poisoned (-1 -> -1)
A: no striking features
a: no special abilities


You were on level 2 of the Dungeon.
You visited 1 branch of the dungeon, and saw 2 of its levels.

You collected 73 gold pieces.


   Skills:
 - Level 1.5 Fighting
 + Level 6.4 Ranged Weapons
 - Level 2.4 Dodging
 - Level 1.2 Stealth


You had one spell level left.
You didn't know any spells.
Your spell library was empty.

Inventory:

Hand Weapons
 a - a +0 shortbow (weapon)
Armour
 c - a +0 leather armour (worn)
Potions
 d - a potion of might {unknown}
 i - a potion of curing {unknown}

Dungeon Overview and Level Annotations

Branches:
Dungeon (2/15)

Altars:

Annotations:
D:2 Sigmund


Message History

You start resting.
HP restored.
An adder comes into view.
You shoot an arrow. The arrow hits the adder.
The adder hisses angrily.
The adder is lightly wounded.
You hear an angry hiss.
You hear a shout!
An adder comes into view.
You shoot an arrow. The arrow hits the adder.
The adder is moderately wounded.
You shoot an arrow. The arrow closely misses the adder.
You shoot an arrow. The arrow completely misses the adder.
Sigmund the Dreaded comes into view.
He is wielding a +2 scythe of protection.
You shoot an arrow. The arrow hits the adder.
The adder is moderately wounded.
Sigmund laughs darkly.
The adder closely misses you.
You shoot an arrow. The arrow closely misses the adder.
The adder misses you.
Sigmund mumbles some strange words.
Sigmund flickers and vanishes!
Deactivating autopickup; reactivate with Ctrl-A.
The adder bites you. The adder bites you but does no damage.
You shoot an arrow. The arrow hits the adder.
The adder is heavily wounded.
The adder barely misses you. The adder closely misses you.
The adder bites you but does no damage.
You shoot an arrow. The arrow closely misses the adder.
The adder bites you.
You are poisoned.
The adder poisons you! The adder bites you but does no damage.
You shoot an arrow. The arrow hits the adder.
The adder is severely wounded.
You feel sick. The adder closely misses you. The adder bites you.
The adder misses you.
A hobgoblin comes into view.
The adder bites you.
You shoot an arrow. The arrow misses the adder.
You feel sick. The adder barely misses you. The adder bites you.
You die...

# #.. g.
##.##.# .##
..#......
#.......##
#.#..#...
...$..###.#
##.SS.....#
#..@# #...#
#><.# #...#
#...# .....
...?...
.........
.###...###.


You could see 2 adders and a hobgoblin.

Vanquished Creatures
  A dart slug (D:1)
  2 endoplasms (D:1)
  3 goblins (D:1)
  3 hobgoblins (D:1)
  2 quokkas
  A ball python (D:1)
  2 bats
  A frilled lizard (D:1)
  2 kobolds (D:1)
17 creatures vanquished.

Notes
Turn   | Place    | Note
-------+----------+-------------------------------------------
     0 | D:1      | qw the Deep Elf Hunter began the quest for the Orb.
     0 | D:1      | Reached XP level 1. HP: 12/12 MP: 3/3
     0 | D:1      | 0 ||| qw: Version: 0.3-a-155-g5e7d8dd
     0 | D:1      | 0 ||| qw: Game counter: 993
     0 | D:1      | 0 ||| qw: Melee chars always use a shield: true
     0 | D:1      | 0 ||| qw: God list: Okawaru
     0 | D:1      | 0 ||| qw: Allow faded altars: false
     0 | D:1      | 0 ||| qw: Do Orc after clearing Dungeon:15 true
     0 | D:1      | 0 ||| qw: Do second Lair branch before Depths: true
     0 | D:1      | 0 ||| qw: Lair rune preference: random
     0 | D:1      | 0 ||| qw: Goals: Normal
     0 | D:1      | 0 ||| PLANNING D:1-11
   143 | D:1      | Reached XP level 2. HP: 16/16 MP: 4/4
   169 | D:1      | Reached skill level 6 in Ranged Weapons
   375 | D:1      | 375 ||| DROPPING ring of flight.
   376 | D:1      | 376 ||| READING scroll labelled CYMPUSS ANWOY.
   376 | D:1      | 376 ||| ENCHANTING +0 shortbow.
   377 | D:1      | 377 ||| READING scroll labelled BIOFIH PUFEPT.
   478 | D:1      | 478 ||| READING 6 scrolls labelled JOUTYL UDOXO.
   479 | D:1      | 479 ||| DROPPING scroll of butterflies.
   480 | D:1      | 480 ||| DROPPING 5 scrolls of blinking.
   526 | D:2      | Noticed Sigmund
   531 | D:2      | HP: 4/16 [adder (2)]
   532 | D:2      | Slain by an adder

Levels and vault maps discovered:
D:1:      amcnicky_arrival_feature_with_door, layout_basic
D:2:      layout_loops_cross, uniq_sigmund

Skill      XL: |  1  2 |
---------------+-------+-----
Ranged Weapons | 6 |  6.4
Fighting       | |  1.5
Dodging        | |  2.4
Stealth        | |  1.2

Action                     || total
---------------------------++-------
   Fire: Shortbow          ||    49
    Use: Scroll            ||     3
 Armour: Leather armour    ||    10
  Dodge: Dodged            ||    11

Table legend:
 A = Non-vault XP
 B = Vault XP
 C = Vault XP percentage of total XP
 D = Non-vault monster count
 E = Vault monster count
 F = Vault count percentage of total count
                 A         B        C        D         E       F
            +---------+---------+-------+---------+---------+-------
      Total |      31 |       0 |   0.0 |      17 |       0 |   0.0
            +---------+---------+-------+---------+---------+-------
        D:1 |      28 |       0 |   0.0 |      15 |       0 |   0.0
        D:2 |       3 |       0 |   0.0 |       2 |       0 |   0.0
            +---------+---------+-------+---------+---------+-------
